 Dungeon Crawl Stone Soup version 0.29.1-1-gd02db6906a (webtiles) character file.

Game seed: 2000083915915686576

1094 VikingTomi89 the Cleaver (level 8, -7/66 HPs)
             Began as a Minotaur Berserker on Sept 26, 2022.
             Was a Priest of Trog.
             Killed from afar by an electric eel (11 damage)
             ... with a bolt of electricity
             ... on level 6 of the Dungeon.
             The game lasted 00:49:20 (6370 turns).

VikingTomi89 the Cleaver (Minotaur Berserker)       Turns: 6370, Time: 00:49:20

Health: -7/66      AC: 15    Str: 23    XL:     8   Next: 10%
Magic:  7/7        EV:  4    Int:  4    God:    Trog [***...]
Gold:   263        SH:  0    Dex: 11    Spells: 7/7 levels left

rFire   . . .      SeeInvis .   a - +3 war axe (distort)
rCold   . . .      Faith    .   (no shield)
rNeg    + . .      Spirit   .   p - +0 crystal plate armour
rPois   .          Reflect  .   (helmet restricted)
rElec   .          Harm     .   (no cloak)
rCorr   .          Rampage  .   (no gloves)
Will    .....                   (no boots)
Stlth   ..........              v - amulet of regeneration
HPRegen 1.01/turn               r - ring of positive energy
MPRegen 0.10/turn               (no ring)

@: about to teleport
A: horns 2, retaliatory headbutt
a: Renounce Religion, Berserk, Trog's Hand


You were on level 6 of the Dungeon.
You worshipped Trog.
Trog was most pleased with you.
You visited 1 branch of the dungeon, and saw 6 of its levels.

You collected 263 gold pieces.

Inventory:

Hand Weapons
 a - a +3 war axe of distortion (weapon)
 b - the +5 spear "Yzih" {vorpal, Int+4}
   (You found it on level 2 of the Dungeon)

   It inflicts extra damage upon your enemies.
   Int:       It affects your intelligence (+4).
 g - a +0 dagger of draining
 k - a +3 short sword
 q - a +1 dagger of venom
 s - a +2 vampiric dagger
Armour
 c - a +0 chain mail
 p - a +0 crystal plate armour (worn)
Jewellery
 r - a ring of positive energy (left hand)
 v - an amulet of regeneration (around neck)
Wands
 n - a wand of paralysis (10)
 x - a wand of flame (12)
Scrolls
 l - a scroll of fog {unknown}
 o - 3 scrolls of teleportation
 t - a scroll of silence {unknown}
 w - a scroll of identify
Potions
 d - 2 potions of heal wounds
 e - 2 potions of magic
 f - a potion of berserk rage {unknown}
 h - a potion of invisibility {unknown}
 i - 4 potions of curing
 j - a potion of haste {unknown}
 m - a potion of lignification
 u - a potion of brilliance


   Skills:
 - Level 3.7 Fighting
 * Level 11.8 Axes
 - Level 2.4 Armour
 - Level 2.2 Dodging


You had 7 spell levels left.
You didn't know any spells.
Your spell library was empty.

Dungeon Overview and Level Annotations

Branches:
Dungeon (6/15)
 Temple: D:4-7

Altars:
Elyvilon
Gozag
Trog
Vehumet
Wu Jian
Yredelemnul
The Shining One

Shops:
D:2 (


Innate Abilities, Weirdness & Mutations

You have a pair of horns on your head.
You reflexively headbutt those who attack you in melee.


Message History

HP restored.
There is an open door here.
You see here a water moccasin corpse.
You now have 263 gold pieces (gained 7).
An electric eel comes into view.
The electric eel moves out of view.
The electric eel shoots out a bolt of lightning at you!
The bolt of electricity hits you!
An electric eel is nearby!
Found 2 stones.
The electric eel shoots out a bolt of lightning at you!
The bolt of electricity hits you!
The electric eel shoots out a bolt of lightning at you!
The bolt of electricity hits you! The bolt of electricity hits you.
The bolt of electricity hits the electric eel.
The electric eel completely resists.
You barely miss the electric eel. Your headbutt misses the electric eel.
The electric eel shoots out a bolt of lightning at you!
The bolt of electricity hits you! The bolt of electricity hits you.
The bolt of electricity hits the electric eel.
The electric eel completely resists.
You miss the electric eel. Your headbutt misses the electric eel.
You miss the electric eel. Your headbutt misses the electric eel.
You barely miss the electric eel. You headbutt the electric eel!
The electric eel is heavily wounded.
The electric eel shoots out a bolt of lightning at you!
The bolt of electricity hits you! x2
The bolt of electricity hits the electric eel.
The electric eel completely resists.
The electric eel shoots out a bolt of lightning at you!
The bolt of electricity hits you!
* * * LOW HITPOINT WARNING * * *
The electric eel shoots out a bolt of lightning at you!
The bolt of electricity hits you!
* * * LOW HITPOINT WARNING * * *
As you read the scroll of teleportation, it crumbles to dust.
You feel strangely unstable.
The electric eel shoots out a bolt of lightning at you!
The bolt of electricity hits you!
You die...

# ..........(....
.....~~.....~~~ ##
###~~.~≈~~P~P~~. .##
##≈≈≈~P~~≈≈≈≈≈≈≈≈ ..#
≈≈≈≈≈≈≈≈≈≈≈≈≈~≈~~ #.##
≈≈≈≈≈≈S≈~~~~.~~. #..##
######~.~~~..~~...
##..########...............#
##.............@..........#
##########################


You could see an electric eel.

Vanquished Creatures
  A water moccasin (D:6)
  A black bear (D:5)
  An ogre (D:5)
  A phantom (D:5)
  A bullfrog (D:6)
  2 scorpions
  A howler monkey (D:6)
  2 hounds
  2 gnoll boudas (D:6)
  Jessica (D:3)
  3 iguanas
  An orc wizard (D:5)
  7 gnolls (D:6)
  8 adders
  2 shadow imps
  3 worms
  2 dart slugs
  6 orcs
  3 ball pythons
  4 endoplasms
  5 goblins
  4 hobgoblins
  6 quokkas
  5 bats
  9 kobolds
  2 rats (D:3)
83 creatures vanquished.

Vanquished Creatures (others)
  10 fungi
  9 plants (D:6)
19 creatures vanquished.

Grand Total: 102 creatures vanquished

Notes
Turn   | Place    | Note
-------+----------+-------------------------------------------
     0 | D:1      | VikingTomi89 the Minotaur Berserker began the quest for the
                  | Orb.
     0 | D:1      | Reached XP level 1. HP: 19/19 MP: 0/0
   140 | D:1      | Found a faded altar of an unknown god.
   539 | D:1      | Reached skill level 4 in Axes
   572 | D:1      | Reached XP level 2. HP: 13/27 MP: 1/1
  1588 | D:2      | Identified the +5 spear "Yzih" {vorpal, Int+4}
  1720 | D:2      | Found an opulent altar of Gozag.
  1790 | D:2      | Found Befreg's Weapon Boutique.
  1795 | D:2      | Reached XP level 3. HP: 32/33 MP: 2/2
  1848 | D:2      | Reached skill level 5 in Axes
  2568 | D:3      | Reached ** piety under Trog
  2585 | D:3      | Found a bloodstained altar of Trog.
  2612 | D:3      | Noticed Jessica
  2619 | D:3      | Reached XP level 4. HP: 39/40 MP: 3/3
  2626 | D:3      | Killed Jessica
  2627 | D:3      | Reached skill level 6 in Axes
  2947 | D:3      | Found a basalt altar of Yredelemnul.
  3437 | D:3      | Identified a scroll of acquirement
  3587 | D:3      | Acquired a +3 war axe of distortion
  3627 | D:4      | Noticed a scorpion
  3635 | D:4      | Killed a scorpion
  3636 | D:4      | Reached skill level 7 in Axes
  3636 | D:4      | Reached XP level 5. HP: 36/46 MP: 4/4
  3848 | D:4      | Found an ornate altar of the Wu Jian Council.
  4707 | D:4      | Found a white marble altar of Elyvilon.
  4707 | D:4      | Found a glowing golden altar of the Shining One.
  4767 | D:5      | Entered Level 5 of the Dungeon
  4833 | D:5      | Reached skill level 8 in Axes
  4898 | D:5      | Reached XP level 6. HP: 49/52 MP: 5/5
  5237 | D:5      | Reached skill level 9 in Axes
  5374 | D:5      | Reached XP level 7. HP: 24/58 MP: 6/6
  5743 | D:5      | Reached skill level 10 in Axes
  6090 | D:6      | Found a radiant altar of Vehumet.
  6118 | D:6      | Reached skill level 11 in Axes
  6239 | D:6      | Reached *** piety under Trog
  6240 | D:6      | Reached XP level 8. HP: 49/66 MP: 7/7
  6368 | D:6      | HP: 2/66 [electric eel/bolt of electricity (13)]
  6370 | D:6      | Killed from afar by an electric eel

Illustrated notes

Levels and vault maps discovered:
D:1:      nicolae_arrival_somewhat_less_tricky_arrival, layout_basic,
          shapermc_ecumenical_altar_ellora
D:2:      layout_rooms, serial_shops, nicolae_diamond_shop, basic_altar
D:3:      layout_basic, mainiacjoe_overflow_brackets,
          nicolae_overflow_crystal_walls, minmay_close_crescents, uniq_jessica
D:4:      layout_cave_pods, kennysheep_mini, gammafunk_temple_overflow_elements,
          grunt_decor_one_mirror, chequers_serial_rivers_small_3,
          serial_bayou_crossing
D:5:      layout_gridville, kennysheep_potato
D:6:      layout_basic, vehumet_altar_wand_db, serial_aquarium,
          aquarium_bridge_square [aquarium_subvault_wall,
          aquarium_subvault_bridge, aquarium_subvault_wall,
          aquarium_subvault_balcony], aquarium_bridge_square
          [aquarium_subvault_window, aquarium_subvault_window,
          aquarium_subvault_bridge, aquarium_subvault_window],
          aquarium_window_corridor_1, aquarium_window_1, aquarium_view_2a,
          aquarium_view_2d, aquarium_pool_split, chequers_big_river,
          kennysheep_donut, nicolae_elevator_lobby_plus, uniq_pikel

Skill      XL: |  1  2  3  4  5  6  7 |
---------------+----------------------+-----
Axes           | 4 5 7 8 9 11 | 11.8
Fighting       | |  3.7
Armour         | |  2.4
Dodging        | |  2.2

Action                   |  1- 3 |  4- 6 |  7- 9 || total
-------------------------+-------+-------+-------++-------
Melee: Hand axe          |    40 |       |       ||    40
       Headbutt          |    13 |     6 |    10 ||    29
       Punch             |     1 |     1 |       ||     2
       War axe           |    38 |    72 |    43 ||   153
Invok: Berserk           |       |     1 |     1 ||     2
       Trog's Hand       |       |       |     1 ||     1
  Use: Scroll            |       |    11 |     1 ||    12
Armor: Chain mail        |    42 |    37 |       ||    79
       Crystal plate arm |       |     6 |    62 ||    68
Dodge: Dodged            |    39 |    35 |    14 ||    88
